 Dungeon Crawl Stone Soup version 0.30-a0-778-g2ef04afb54 (webtiles) character file.

Game seed: 3314014964471170748

121 mopl the Stinger (level 5, 0/35 HPs)
             Began as a Formicid Venom Mage on Feb 15, 2023.
             Killed from afar by a white imp (8 damage)
             ... with a puff of frost
             ... on level 3 of the Dungeon.
             The game lasted 00:03:15 (1977 turns).

mopl the Stinger (Formicid Venom Mage)              Turns: 1977, Time: 00:03:16

Health: 0/35       AC:  4    Str: 12    XL:     5   Next: 26%
Magic:  7/10       EV: 12    Int: 17    God:
Gold:   144        SH:  0    Dex: 17    Spells: 6/11 levels left

rFire   . . .      SeeInvis +    f - +2 dagger (venom)
rCold   . . .      Faith    .    (no shield)
rNeg    . . .      Spirit   .    a - +0 robe
rPois   .          Reflect  .    (helmet unavailable)
rElec   .          Harm     .    (no cloak)
rCorr   .          Rampage  .    n - +1 pair of gloves {Dex+3}
Will    .....                    (no boots)
Stlth   ++                       i - amulet of the acrobat
HPRegen 0.25/turn                (no ring)
MPRegen 0.12/turn                (no ring)

@: no status effects
A: permanent stasis, dig shafts and tunnels, antennae 3, four strong arms
a: Dig, Shaft Self


You were on level 3 of the Dungeon.
You visited 1 branch of the dungeon, and saw 3 of its levels.

You collected 144 gold pieces.

Inventory:

Hand Weapons
 f - a +2 dagger of venom (weapon)
Armour
 a - a +0 robe (worn)
 h - a +0 chain mail
 n - a +1 pair of gloves of dexterity (worn)
Jewellery
 i - an amulet of the acrobat (around neck)
Scrolls
 c - a scroll of torment {unknown}
 d - a scroll of butterflies {unknown}
 g - a scroll of poison {unknown}
 k - a scroll of blinking {unknown}
 m - a scroll of identify {unknown}
Potions
 b - a potion of magic
 e - a potion of might {unknown}
 j - 2 potions of curing {unknown}
 l - a potion of heal wounds {unknown}
 o - a potion of haste {unknown}
 p - a potion of brilliance {unknown}


   Skills:
 - Level 1.7 Dodging
 - Level 2.4 Stealth
 + Level 3.8 Spellcasting
 - Level 2.0 Transmutations
 + Level 5.7 Poison Magic


You had 6 spell levels left.
You knew the following spells:

 Your Spells              Type           Power      Damage    Failure   Level
a - Sting                 Tmut/Pois      64%        1d6       3%          1
o - Olgreb's Toxic Radia  Pois           22%        N/A       16%         4

Your spell library contained the following spells:

 Spells                   Type           Power      Damage    Failure   Level
 Poisonous Vapours        Pois/Air       24%        N/A       8%          2
 Mephitic Cloud           Conj/Pois/Air  9%         N/A       22%         3
 Anguish                  Hex/Necr       1%         N/A       85%         4
 Animate Armour           Summ/Erth      6%         N/A       85%         4
 Blade Hands              Tmut           5%         N/A       89%         5
 Iron Shot                Conj/Erth      1%         9d1       100%        6
 Enfeeble                 Hex            1%         N/A       100%        7


Dungeon Overview and Level Annotations

Branches:
Dungeon (3/15)

Altars:
Qazlal
Trog


Innate Abilities, Weirdness & Mutations

You cannot be hasted, slowed, berserked, paralysed or teleported.
You can dig through walls and to a lower floor.
You have a pair of large antennae on your head. (SInv)
Your four strong arms can wield two-handed weapons with a shield.


Message History

The puff of frost misses you.
You closely miss the white imp.
The white imp hits you but does no damage.
You hit the white imp but do no damage.
The white imp is poisoned.
The white imp hits you. The white imp freezes you.
You hit the white imp but do no damage. The white imp gestures at you.
The puff of frost hits you!
* * * LOW HITPOINT WARNING * * *
You are too injured to fight recklessly!
You are too injured to fight recklessly!
You are too injured to fight recklessly!
You are too injured to fight recklessly!
You are too injured to fight recklessly!
You are too injured to fight recklessly!
You are too injured to fight recklessly!
You are too injured to fight recklessly!
You are too injured to fight recklessly!
You are too injured to fight recklessly!
You are too injured to fight recklessly!
You are too injured to fight recklessly!
You are too injured to fight recklessly!
Casting: Sting (safe; 3% risk of failure)
Confirm with . or Enter, or press ? or * to list all spells.
Aiming: Sting (safe; 3% risk of failure)
Press: ? - help, Shift-Dir - straight line, f - white imp
Aim: a white imp (very poisoned, 74% to hit)
The sting hits the white imp.
The white imp looks even sicker.
The white imp is lightly wounded.
The white imp misses you.
Unknown command.
Casting: Sting (safe; 3% risk of failure)
Confirm with . or Enter, or press ? or * to list all spells.
Aiming: Sting (safe; 3% risk of failure)
Press: ? - help, Shift-Dir - straight line, f/p - white imp
Aim: a white imp (lightly wounded, very poisoned, 74% to hit)
The sting misses the white imp.
The white imp gestures at you. The puff of frost hits you!
You die...

#. #. .#.#+#. .......
#..... #### ## #.....
#._. ..# ##.....
#.).###.. ...[...
#...#5# ######
####.[@## #######
#..##...## #.....#
#.####...########'###..
#....##...##........#..
{
#.###.##...#...........
#.....#....#..........#
#.####..............#[#
#.# #......##....###.#
. #.####......##.##.#
#.#


You could see a white imp (very poisoned).

Vanquished Creatures
  A gnoll (D:3)
  4 adders
  3 worms
  3 dart slugs (D:3)
  6 endoplasms
  5 giant cockroaches
  5 goblins
  6 hobgoblins
  8 jackals
  A quokka (D:2)
  5 ball pythons
  2 bats (D:2)
  2 frilled lizards
  4 kobolds (D:2)
  3 rats
58 creatures vanquished.

Notes
Turn   | Place    | Note
-------+----------+-------------------------------------------
     0 | D:1      | mopl the Formicid Venom Mage began the quest for the Orb.
     0 | D:1      | Reached XP level 1. HP: 13/13 MP: 3/3
   113 | D:1      | Reached XP level 2. HP: 11/19 MP: 0/5
   435 | D:1      | Reached XP level 3. HP: 24/24 MP: 6/6
   694 | D:1      | Reached skill level 2 in Transmutations
  1205 | D:2      | Reached skill level 3 in Spellcasting
  1303 | D:2      | Reached XP level 4. HP: 23/30 MP: 8/8
  1310 | D:2      | Learned a level 4 spell: Olgreb's Toxic Radiance
  1407 | D:2      | Reached skill level 5 in Poison Magic
  1802 | D:3      | Reached XP level 5. HP: 31/35 MP: 6/10
  1805 | D:3      | Found a faded altar of an unknown god.
  1835 | D:3      | Found a stormy altar of Qazlal.
  1958 | D:3      | Found a bloodstained altar of Trog.
  1977 | D:3      | Killed from afar by a white imp

Illustrated notes

Levels and vault maps discovered:
D:1:      wander_arrival_desolate, layout_basic, chequers_serial_rivers_micro_b
D:2:      layout_basic
D:3:      layout_basic, nzn_overflow_gifts_of_might_and_magic,
          nicolae_qazlal_eye_of_the_storm,
          shapermc_ecumenical_altar_starsandcircs, feat_on_display,
          uniq_crazy_yiuf_cottage

Skill      XL: |  1  2  3  4 |
---------------+-------------+-----
Transmutations | 2 |  2.0
Spellcasting   | 3 |  3.8
Poison Magic   | 5 |  5.7
Dodging        | |  1.7
Stealth        | |  2.4

Action                     |  1- 3 |  4- 6 || total
---------------------------+-------+-------++-------
  Melee: Unarmed           |    20 |       ||    20
         Dagger            |    46 |    77 ||   123
         Punch             |     2 |       ||     2
   Cast: Sting             |    29 |    17 ||    46
   Stab: Sleeping          |     3 |     2 ||     5
 Armour: Robe              |     8 |    17 ||    25
  Dodge: Dodged            |    50 |    54 ||   104

Table legend: (Time is in decaauts)
 A = Elapsed time spent in this place.
 B = Non-inter-level travel time spent in this place.
 C = Inter-level travel time spent in this place.
 D = Time resting spent in this place.
 E = Time spent auto-exploring this place.
 F = Levels seen in this place.
 G = Mean time per level.
                   A        B        C        D        E       F      G
               +--------+--------+--------+--------+--------+-----+--------+
         Total |   1980 |   1937 |     43 |    140 |   1362 |   3 |  660.0 |
       Dungeon |   1980 |   1937 |     43 |    140 |   1362 |   3 |  660.0 |
               +--------+--------+--------+--------+--------+-----+--------+

Top non-repeatable levels by time:
     D:1: 1088 daAuts
     D:2: 608 daAuts
     D:3: 283 daAuts
